[Event "Early-Titled-Tuesday-Blitz-May-28-2024"]
[Site "Chess.com"]
[Date "2024.05.28"]
[Round "11"]
[White "lefonghua"]
[Black "Kors67"]
[Result "1-0"]
[WhiteElo "2556"]
[BlackElo "2290"]
[TimeControl "180+1"]
[EndTime "10:07:48 PDT"]
[Termination "lefonghua won on time"]

1. e4 d6 2. d4 Nf6 3. f3 e5 4.
Ne2 exd4 5. Nxd4 g6 6. c4 Bg7 7. Nc3 O-O 8. Be2 Nc6 9. Be3 Re8 10. O-O Bd7 11. Qd2 a6 12. Nd5 Nxd5 13. cxd5 Ne5 14. h3 c5 15. dxc6 bxc6 16. Nb3 d5 17. f4 Nc4 18. Bxc4 dxc4 19. Nc5 Be6 20. Qf2 f5 21.
Nxe6 Rxe6 22. e5 Qd5 23. Rfd1 Qb5 24. Rac1 g5 25. g3 gxf4 26. gxf4 Rg6+ 27. Kh2 Kh8 28. Rd4 Rb8 29. Rc2 Bh6 30. Rdxc4 Rbg8 31. Qf3 1-0

[Event "Early-Titled-Tuesday-Blitz-May-28-2024"]
[Site "Chess.com"]
[Date "2024.05.28"]
[Round "11"]
[White "betta2004"]
[Black "DeyanKostov"]
[Result "0-1"]
[WhiteElo "2575"]
[BlackElo "2472"]
[TimeControl "180+1"]
[EndTime "10:07:49 PDT"]
[Termination "DeyanKostov won by checkmate"]

1. c4 e5 2. g3 Nc6 3. Bg2 g6 4. Nc3 Bg7 5. e3 d6 6. Nge2 h5 7. O-O h4 8. d4 hxg3 9. fxg3 Nh6 10. d5 Ne7 11. h3 Nhf5 12. Ne4 Ng8 13. Qe1 Bd7 14. Qf2 Qe7 15. g4 Nh4 16. N2g3 f5 17.
gxf5 gxf5 18. Nc3 Nf6 19. Bd2 O-O-O 20. e4 f4 21. Qxa7 Bg4 22. hxg4 fxg3 23. g5 Nxg2 24. gxf6 Bxf6 25. Kxg2 Rh2+ 26. Kf3 Bh4 27. Bf4 Rf8 28. Ke3 Bg5 29. Kd3 Bxf4 30. Nb5 g2 31. Rg1 Qh4 32.
Qa8+ Kd7 33. Qxf8 Rh3+ 34. Ke2 Qg4+ 35. Ke1 Re3+ 36. Kd2 Qe2+ 37. Kc1 Rc3+ 38. Kb1 Qc2# 0-1

[Event "Early-Titled-Tuesday-Blitz-May-28-2024"]
[Site "Chess.com"]
[Date "2024.05.28"]
[Round "11"]
[White "Slovineanu"]
[Black "guineo59"]
[Result "1-0"]
[WhiteElo "2533"]
[BlackElo "2349"]
[TimeControl "180+1"]
[EndTime "10:07:49 PDT"]
[Termination "Slovineanu won by resignation"]

1. d4 Nf6 2. Nf3 g6 3. Nbd2 d5 4. e3 Bg7 5. b4 O-O 6. c4 c6 7. a4 Nbd7 8. Bb2 Re8 9. Be2 a5 10. b5 c5 11. O-O cxd4 12. Bxd4 e5 13. Bb2 e4 14. Nd4 Ne5 15. cxd5 Qxd5 16. Qb3 Qxb3 17. N4xb3 Bg4 18. Bxg4 Nexg4 19. h3 Ne5 20. Bxe5 Rxe5 21. Rac1 Rd8 22. Rc4 b6 23. Rfc1 h5 24. Kf1 Rde8 25.
Rc6 Nd5 26. Nc4 R5e6 27. Rd1 Nc3 28. Rxe6 Rxe6 29. Rd8+ Kh7 30. Nd4 Bxd4 31. exd4 Nxa4 32. d5 Re7 33. d6 Rb7 34. d7 1-0

[Event "Early-Titled-Tuesday-Blitz-May-28-2024"]
[Site "Chess.com"]
[Date "2024.05.28"]
[Round "11"]
[White "Daaksboy"]
[Black "Dolphin_2010"]
[Result "1-0"]
[WhiteElo "2518"]
[BlackElo "2739"]
[TimeControl "180+1"]
[EndTime "10:07:52 PDT"]
[Termination "Daaksboy won by checkmate"]

1. d4 d5 2. c4 c6 3. Nc3 Nf6 4.
cxd5 cxd5 5. Bf4 Nc6 6. e3 a6 7. Be2 Bf5 8. Nf3 e6 9. Qb3 Ra7 10. O-O Bd6 11. Bxd6 Qxd6 12. Rfc1 O-O 13. a3 Rc8 14. Na4 Rc7 15. Nc5 Nd7 16. Qd1 Nxc5 17. dxc5 Ra8 18. cxd6 Rd7 19. Nd4 Rxd6 20. Nxf5 exf5 21.
Bf3 Rad8 22. Qe2 Ne5 23. Rd1 g6 24. Bxd5 Rxd5 25. Rxd5 Rxd5 26. Rd1 Rc5 27. Qd2 Nc6 28. Qd6 Rb5 29. b4 Kg7 30. Rd5 Rb6 31. Qc7 Rb5 32.
Rxb5 axb5 33. Qxb7 Kh6 34. Qxc6 Kg7 35. Qxb5 Kh6 36. a4 Kg7 37. a5 Kh6 38. a6 Kg7 39.
a7 Kg8 40. a8=Q+ Kg7 41. Qe5+ Kh6 42. Qf8+ Kg5 43. h4+ Kxh4 44. Qh6+ Kg4 45. Qg3# 1-0

[Event "Early-Titled-Tuesday-Blitz-May-28-2024"]
[Site "Chess.com"]
[Date "2024.05.28"]
[Round "11"]
[White "Budag-Leyla"]
[Black "NikitaShnadrygin"]
[Result "1-0"]
[WhiteElo "2354"]
[BlackElo "2750"]
[TimeControl "180+1"]
[EndTime "10:07:56 PDT"]
[Termination "Budag-Leyla won by resignation"]

1. d4 d5 2. Nf3 Nc6 3. c4 Bg4 4. cxd5 Bxf3 5. dxc6 Bxc6 6. Nc3 Nf6 7. f3 e5 8. dxe5 Nd7 9. e4 Nxe5 10. Be3 Bd6 11. Qc2 Qe7 12. O-O-O O-O 13. Kb1 Rab8 14. h3 Ng6 15. Bd3 Bf4 16. Bd4 Rfd8 17. Bc4 Be5 18. Be3 Qf6 19. Nd5 Bxd5 20. Bxd5 c6 21. Bb3 b6 22. a3 h6 23. Qc4 c5 24. Qc2 Bd4 25. Bc1 b5 26. Bd5 Ne7 27. Ba2 c4 28. Bd2 Nc6 29.
f4 b4 30. e5 Qe7 31. Bxc4 bxa3 32. b3 a5 33. Ka2 a4 34. Rb1 Bb2 35. bxa4 Rxd2 36.
Qxd2 Nb4+ 37. Kb3 Qc5 38. Qd6 Nc6+ 39. Bb5 Rxb5+ 40. axb5 Na5+ 41. Ka4 Qa7 42. Qd8+ Kh7 43. Qxa5 Qd4+ 44. Qb4 Qa7+ 45. Kb3 a2 46. Kxb2 Qf2+ 47. Ka1 1-0

[Event "Early-Titled-Tuesday-Blitz-May-28-2024"]
[Site "Chess.com"]
[Date "2024.05.28"]
[Round "11"]
[White "yobdc"]
[Black "Mikhail_Golubev"]
[Result "0-1"]
[WhiteElo "2531"]
[BlackElo "2636"]
[TimeControl "180+1"]
[EndTime "10:07:57 PDT"]
[Termination "Mikhail_Golubev won by resignation"]

1. e4 c5 2. Nf3 d6 3. Bb5+ Bd7 4. Bxd7+ Nxd7 5. O-O Ngf6 6. Re1 e6 7. c3 Be7 8. d4 O-O 9. Bf4 d5 10. e5 Ne4 11. Nbd2 Nxd2 12. Qxd2 Rc8 13. h4 cxd4 14.
Nxd4 Bxh4 15. g3 Be7 16. Kg2 g5 17. Rh1 gxf4 18. Qxf4 Bg5 19. Qg4 Nxe5 20. Qh5 h6 21.
f4 Kg7 22. fxe5 Qb6 23. Raf1 Qxb2+ 24. Rf2 Qxc3 25. Rhf1 Qxd4 26. Rxf7+ Rxf7 27. Rxf7+ Kh8 28. Qg6 Qe4+ 0-1

[Event "Early-Titled-Tuesday-Blitz-May-28-2024"]
[Site "Chess.com"]
[Date "2024.05.28"]
[Round "11"]
[White "Yan_Dyomin2010"]
[Black "chessburger_tv"]
[Result "0-1"]
[WhiteElo "2569"]
[BlackElo "2411"]
[TimeControl "180+1"]
[EndTime "10:07:57 PDT"]
[Termination "chessburger_tv won on time"]

1. e4 c5 2. Nf3 Nc6 3. d4 cxd4 4. Nxd4 e5 5. Nb5 d6 6. N1c3 a6 7. Na3 Be7 8. Nd5 Nf6 9. Nxe7 Nxe7 10. Bd3 O-O 11.
O-O d5 12. exd5 Nexd5 13. Re1 Re8 14. Bg5 Bg4 15. Be2 Bxe2 16. Qxe2 h6 17. Bxf6 Qxf6 18. Rad1 Nf4 19. Qf3 Rac8 20. c3 Rc7 21. g3 Nh3+ 22. Kg2 Qxf3+ 23. Kxf3 Ng5+ 24. Ke3 f5 25. f4 exf4+ 26.
Kxf4 Rce7 27. Rxe7 Rxe7 28. Kxf5 Kf7 29. Rf1 Re4 0-1

[Event "Early-Titled-Tuesday-Blitz-May-28-2024"]
[Site "Chess.com"]
[Date "2024.05.28"]
[Round "11"]
[White "mortngabriel"]
[Black "Sl4werThanYou"]
[Result "0-1"]
[WhiteElo "2492"]
[BlackElo "2738"]
[TimeControl "180+1"]
[EndTime "10:08:01 PDT"]
[Termination "Sl4werThanYou won on time"]

1. d4 d5 2. c4 dxc4 3. Nf3 Nf6 4. e3 e6 5. Bxc4 Be7 6. O-O O-O 7. Nc3 c5 8. b3 cxd4 9. Nxd4 a6 10. Bb2 b5 11.
Be2 Bb7 12. Bf3 Qb6 13. Bxb7 Qxb7 14. Qf3 Qxf3 15. Nxf3 Nc6 16. Rfd1 Rac8 17. Nd4 Nxd4 18. Rxd4 Rfd8 19. Rxd8+ Bxd8 20. Rd1 Kf8 21. Kf1 Ba5 22. Rd3 Ke8 23. Ke2 Nd5 24. Nd1 Rc2+ 25. Kf3 g6 26. a4 bxa4 27. bxa4 f5 28. Be5 Rc4 29. Nb2 Rb4 30. Rd1 g5 31. h3 h5 32.
g3 g4+ 33. hxg4 hxg4+ 34. Kg2 Bb6 35. Rc1 Kd7 36. Nc4 Bd8 37. Nd6 Rxa4 38. Nb7 Bb6 39. Nc5+ Bxc5 40. Rxc5 Ra2 41. Kg1 a5 42. Rb5 a4 43.
Ra5 Kc6 44. Ra6+ Kb5 45. Rxe6 a3 46. Rd6 Nb4 47. Rf6 Nd3 48. Bd4 Rxf2 49. e4 a2 50.
Rxf5+ Kc4 51. Rxf2 Nxf2 52. Ba1 Nxe4 53. Kg2 Kd3 54. Kg1 Nd2 55. Kf2 Nb3 56. Bf6 Nd4 0-1

[Event "Early-Titled-Tuesday-Blitz-May-28-2024"]
[Site "Chess.com"]
[Date "2024.05.28"]
[Round "11"]
[White "LLariMarc"]
[Black "edgarhay012"]
[Result "0-1"]
[WhiteElo "2515"]
[BlackElo "2628"]
[TimeControl "180+1"]
[EndTime "10:08:01 PDT"]
[Termination "edgarhay012 won by checkmate"]

1. d4 a6 2. e4 b6 3. Nc3 a5 4.
Nf3 Ba6 5. Bxa6 Nxa6 6. O-O h6 7.
Be3 g6 8. Qd2 Bg7 9. Rad1 e6 10.
a3 Ne7 11. Rfe1 h5 12. h3 O-O 13. Bh6 d6 14. Bxg7 Kxg7 15. Qf4 Ng8 16. e5 d5 17. Re3 c6 18. Ng5 Nc7 19. Rdd3 c5 20.
Rg3 Nh6 21. Nf3 c4 22. Rd1 b5 23.
Ne2 Nf5 24. Rg5 b4 25. Nh4 Nxh4 26. Qxh4 c3 27. Nf4 Rh8 28. axb4 cxb2 29. Rb1 Kf8 30. Rxb2 a4 31. Qg3 a3 32. Ra2 h4 33. Qg4 Qd7 34.
Rxg6 fxg6 35. Nxg6+ Kg8 36. Nxh8+ Kxh8 37. Qxh4+ Kg8 38.
g4 Qg7 39. Qg3 Nb5 40. Qd3 Rb8 41. Kg2 Qg5 42. c3 Kg7 43. Kg3 Qc1 44. h4 Qg1+ 45. Kf3 Qh1+ 46. Kg3 Rc8 47. Qxb5 Rxc3+ 48. Kf4 Qc1+ 49.
Rd2 Qxd2# 0-1

[Event "Early-Titled-Tuesday-Blitz-May-28-2024"]
[Site "Chess.com"]
[Date "2024.05.28"]
[Round "11"]
[White "djokovic74"]
[Black "McCarthyStone"]
[Result "1-0"]
[WhiteElo "2726"]
[BlackElo "2470"]
[TimeControl "180+1"]
[EndTime "10:08:02 PDT"]
[Termination "djokovic74 won by resignation"]

1. e4 e5 2. Nf3 d6 3. d4 exd4 4.
Nxd4 Nf6 5. Nc3 g6 6. Be2 Bg7 7. O-O O-O 8. Nb3 a5 9. a4 Re8 10. f3 Nc6 11. Bg5 h6 12. Bh4 g5 13. Bf2 Be6 14. Qd2 Ne5 15. Nd4 Bd7 16. Rfe1 Ng6 17. Rad1 Nf4 18. Bf1 d5 19. e5 N6h5 20. g4 Bxe5 21.
gxh5 Nxh5 22. Nxd5 c6 23. Nc3 Qb8 24. h3 Nf4 25. Bg3 Bxh3 26. Bxf4 Bxf4 27. Qf2 Rxe1 28. Qxe1 Bxf1 29. Qxf1 Qe5 30. Nde2 Be3+ 31. Kg2 Re8 32. Qh1 Kg7 33. Qh5 Bb6 34. Rd7 Re7 35. Rd3 Qc5 36.
Nd4 Rd7 37. Ne6+ Kf6 38. Nxc5 1-0

[Event "Early-Titled-Tuesday-Blitz-May-28-2024"]
[Site "Chess.com"]
[Date "2024.05.28"]
[Round "11"]
[White "balack95"]
[Black "Matsanovic"]
[Result "1-0"]
[WhiteElo "2519"]
[BlackElo "2603"]
[TimeControl "180+1"]
[EndTime "10:08:02 PDT"]
[Termination "balack95 won on time"]

1. Nf3 d5 2. c4 e6 3. g3 Nf6 4. Bg2 dxc4 5. O-O Nbd7 6. b3 cxb3 7. axb3 Bd6 8. Nc3 c6 9. d4 O-O 10. e4 e5 11. d5 Nb6 12. Bg5 h6 13. Bxf6 Qxf6 14. dxc6 bxc6 15. Na4 Bg4 16. Qd3 Nxa4 17. Rxa4 Bc5 18. Qc4 Bb6 19. Nh4 Rad8 20. Qc2 Rd4 21. Nf5 Rxa4 22. bxa4 Rd8 23. h3 Bxf5 24. exf5 Rd6 25.
Ra1 e4 26. Rc1 e3 27. Kh2 exf2 28. a5 Be3 29. Rb1 c5 30. Qe4 Qd4 31. Qe8+ Kh7 32.
Rb8 f1=Q 33. Bxf1 Bg1+ 34. Kh1 Qd5+ 35. Bg2 1-0

[Event "Early-Titled-Tuesday-Blitz-May-28-2024"]
[Site "Chess.com"]
[Date "2024.05.28"]
[Round "11"]
[White "Cayse"]
[Black "Polish_fighter3000"]
[Result "0-1"]
[WhiteElo "2845"]
[BlackElo "3117"]
[TimeControl "180+1"]
[EndTime "10:08:05 PDT"]
[Termination "Polish_fighter3000 won on time"]

1. e4 e6 2. d4 d5 3. e5 c5 4. c3 Bd7 5. Nf3 a6 6. Be2 cxd4 7. cxd4 Bb5 8. Nc3 Bxe2 9. Nxe2 Nc6 10. O-O Nge7 11. Qd3 Rc8 12. Bd2 Qb6 13. Rfc1 Qb5 14. Qxb5 axb5 15. a4 bxa4 16. Rxa4 f6 17. exf6 gxf6 18.
b4 Nd8 19. Nf4 Rxc1+ 20. Bxc1 Nc8 21. Nd3 Nb6 22. Ra7 Bd6 23. Nc5 Bb8 24. Ra5 Kf7 25. Rb5 Bc7 26. g3 Ke7 27. Kf1 Nc8 28. Nxb7 Na7 29. Rc5 Bb6 0-1

[Event "Early-Titled-Tuesday-Blitz-May-28-2024"]
[Site "Chess.com"]
[Date "2024.05.28"]
[Round "11"]
[White "js20000"]
[Black "lachesisQ"]
[Result "0-1"]
[WhiteElo "2711"]
[BlackElo "3069"]
[TimeControl "180+1"]
[EndTime "10:08:05 PDT"]
[Termination "lachesisQ won by resignation"]

1. Nf3 b6 2. b3 Bb7 3. Bb2 d6 4. d4 Nd7 5. g3 g6 6. Bg2 Bg7 7.
O-O f5 8. c4 Ngf6 9. Ng5 Bxg2 10. Ne6 Qc8 11. Kxg2 Kf7 12. d5 Nc5 13. Nxg7 Kxg7 14.
Nc3 Rf8 15. b4 Ncd7 16. Nb5 Rf7 17. Nd4 Nf8 18. Nc6 Qd7 19. Re1 Kg8 20. Bxf6 Rxf6 21. e4 e5 22. c5 f4 23. f3 h5 24. cxd6 cxd6 25. a4 Nh7 26. Rh1 Raf8 27. Ra3 fxg3 28. hxg3 Ng5 29. Qd2 Nxf3 30. Qe3 Qg4 31. Ne7+ Kg7 32.
Nf5+ gxf5 33. Qxf3 fxe4 34. Qxg4+ hxg4 35. Ra2 e3 36. Rh4 Rf2+ 37. Rxf2 Rxf2+ 38. Kg1 Kf6 39. Rxg4 Kf5 40.
Rh4 e4 41. g4+ Ke5 42. g5 Rf5 43. Kg2 Kd4 44. Rh1 Rxg5+ 0-1

[Event "Early-Titled-Tuesday-Blitz-May-28-2024"]
[Site "Chess.com"]
[Date "2024.05.28"]
[Round "11"]
[White "jcibarra"]
[Black "JeFumeDesClopes"]
[Result "1-0"]
[WhiteElo "2905"]
[BlackElo "2706"]
[TimeControl "180+1"]
[EndTime "10:08:05 PDT"]
[Termination "jcibarra won by resignation"]

1. e4 g6 2. d4 Bg7 3. Nf3 d6 4. Bc4 Nf6 5. Qe2 O-O 6. e5 dxe5 7. dxe5 Nd5 8. h3 Be6 9. Ng5 Nc6 10. Nxe6 fxe6 11.
O-O Nxe5 12. Bb3 Nf4 13. Bxf4 Rxf4 14. Bxe6+ Kh8 15. Rd1 Qf8 16. Nc3 Nc6 17. Bb3 Nd4 18. Qe3 c6 19. Ne4 Qf5 20. Ng3 Qe5 21. c3 Nxb3 22. axb3 a6 23. Rd7 Rb8 24. Rxe7 Qxe3 25. fxe3 Rff8 26. Rd1 Rfe8 27. Rdd7 Rxe7 28. Rxe7 Kg8 29.
Ne4 Kf8 30. Rd7 Re8 31. Nd6 Rxe3 32. Rd8+ Ke7 33. Re8+ Kxd6 34. Rxe3 b5 35. Kf2 b4 36. Ke2 a5 37. Kd3 1-0

[Event "Early-Titled-Tuesday-Blitz-May-28-2024"]
[Site "Chess.com"]
[Date "2024.05.28"]
[Round "11"]
[White "ccccvhhhj"]
[Black "NovakRatko"]
[Result "1-0"]
[WhiteElo "2459"]
[BlackElo "2359"]
[TimeControl "180+1"]
[EndTime "10:08:06 PDT"]
[Termination "ccccvhhhj won by resignation"]

1. e4 d5 2. exd5 c6 3. Nf3 cxd5 4. d4 Nc6 5. Be2 f6 6. O-O Bg4 7. c4 e6 8. Nc3 Bb4 9. cxd5 exd5 10. Qb3 Nge7 11.
Bf4 O-O 12. Rad1 Kh8 13. h3 Bh5 14. a3 Bd6 15. Bxd6 Qxd6 16. Rfe1 Bf7 17. Nb5 Qf4 18. Bd3 a6 19. Nc3 b5 20. Bb1 Rad8 21. Ne2 Qd6 22. Ng3 Bg6 23. Bxg6 Nxg6 24. Rc1 Nce7 25. Rc3 Nf4 26. Rec1 Neg6 27. Rc7 h5 28. R1c6 Nxh3+ 29. gxh3 Qf4 30. Qe3 h4 31. Qxf4 Nxf4 32. Nxh4 Nxh3+ 33. Kg2 Nf4+ 34. Kf3 g5 35. Nhf5 Ng6 36. Rc1 1-0

[Event "Early-Titled-Tuesday-Blitz-May-28-2024"]
[Site "Chess.com"]
[Date "2024.05.28"]
[Round "11"]
[White "Preobrazhenska_D2011"]
[Black "rhwr"]
[Result "1-0"]
[WhiteElo "2520"]
[BlackElo "2333"]
[TimeControl "180+1"]
[EndTime "10:08:07 PDT"]
[Termination "Preobrazhenska_D2011 won by resignation"]

1. e4 c5 2. Nf3 d6 3. d4 cxd4 4.
Nxd4 Nf6 5. Nc3 e5 6. Nb3 Be6 7. Bg5 Be7 8. Be2 Nbd7 9. O-O h6 10.
Be3 O-O 11. f4 a6 12. f5 Bxb3 13. axb3 Nc5 14. Bf3 b5 15. b4 Ncd7 16. Qd2 Kh7 17. g4 Ne8 18. Nd5 Bg5 19. Kh1 Bxe3 20. Qxe3 Ndf6 21. Nb6 Ra7 22. Rg1 Nd7 23. Nd5 Ra8 24. g5 hxg5 25. Rxg5 Ndf6 26. Rag1 Nxd5 27. exd5 Qf6 28.
Be4 Rc8 29. Qh3+ Kg8 30. Rh5 g6 31. fxg6 Rc4 32. g7 1-0

[Event "Early-Titled-Tuesday-Blitz-May-28-2024"]
[Site "Chess.com"]
[Date "2024.05.28"]
[Round "11"]
[White "N_I_Chess"]
[Black "Gumugama"]
[Result "1-0"]
[WhiteElo "2239"]
[BlackElo "2294"]
[TimeControl "180+1"]
[EndTime "10:08:09 PDT"]
[Termination "N_I_Chess won by checkmate"]

1. d4 Nf6 2. c4 g6 3. Nc3 Bg7 4. e4 O-O 5. f4 d6 6. Nf3 c5 7. d5 b5 8. cxb5 a6 9. bxa6 Bxa6 10.
Bxa6 Nxa6 11. O-O Qb6 12. e5 Ne8 13. f5 dxe5 14. Qe2 Qc7 15. fxg6 hxg6 16. Bg5 Nf6 17. Nxe5 Rfb8 18. Rae1 Nb4 19. a3 Na6 20. Qf3 Rf8 21.
Nc6 Rfe8 22. Ne4 Nxe4 23. Qxf7+ Kh7 24. Rxe4 Rf8 25. Rh4# 1-0

[Event "Early-Titled-Tuesday-Blitz-May-28-2024"]
[Site "Chess.com"]
[Date "2024.05.28"]
[Round "11"]
[White "luca_va99"]
[Black "Lily_Schirmbeck"]
[Result "1-0"]
[WhiteElo "2194"]
[BlackElo "1831"]
[TimeControl "180+1"]
[EndTime "10:08:11 PDT"]
[Termination "luca_va99 won by resignation"]

1. e4 Nc6 2. d4 e6 3. c4 Bb4+ 4. Bd2 Qe7 5. a3 Bxd2+ 6. Qxd2 d6 7. Nc3 Bd7 8. Nf3 O-O-O 9. Be2 e5 10. d5 Nb8 11. Qe3 f5 12. Qxa7 fxe4 13. Nxe4 Nf6 14. Nc3 e4 15. Nd4 Qe5 16. O-O Ng4 17. Bxg4 Bxg4 18.
Ndb5 Bd7 19. Qa8 Bxb5 20. Nxb5 Rhf8 21. Na7+ Kd7 22. Qxb7 Rf5 23. Nb5 Rc8 24. a4 Rh5 25. g3 Qf5 26. f4 exf3 27. Rae1 Qc2 28. Rf2 Qd3 29. Na7 Rd8 30. Qb5+ c6 31. dxc6+ 1-0

[Event "Early-Titled-Tuesday-Blitz-May-28-2024"]
[Site "Chess.com"]
[Date "2024.05.28"]
[Round "11"]
[White "crescentmoon2411"]
[Black "AnishOnYoutube"]
[Result "1-0"]
[WhiteElo "2914"]
[BlackElo "3016"]
[TimeControl "180+1"]
[EndTime "10:08:12 PDT"]
[Termination "crescentmoon2411 won by checkmate"]

1. d4 Nf6 2. Nf3 g6 3. Nc3 d6 4. e4 Bg7 5. Be3 O-O 6. Qd2 c6 7. Bd3 b5 8. O-O Nbd7 9. Rfe1 Bb7 10. h3 a6 11. Ne2 c5 12. e5 c4 13. exf6 Nxf6 14. Nh2 cxd3 15. Qxd3 Qd7 16. f3 Nd5 17. Bd2 e5 18. Ng4 f5 19. Nf2 Rae8 20. dxe5 dxe5 21. Nc3 Re6 22. Nxd5 Bxd5 23. Rad1 Qb7 24.
Bb4 Rd8 25. b3 Rd7 26. Rd2 Qb6 27. Qc3 Rc6 28. Ba5 Qa7 29. Qb4 Bf8 30. Qh4 Re6 31. Bb4 Bg7 32. Red1 Bf6 33. Qh6 Bc6 34. Qf8# 1-0

[Event "Early-Titled-Tuesday-Blitz-May-28-2024"]
[Site "Chess.com"]
[Date "2024.05.28"]
[Round "11"]
[White "Alex_Sahakyan2006"]
[Black "subham777"]
[Result "0-1"]
[WhiteElo "2813"]
[BlackElo "2595"]
[TimeControl "180+1"]
[EndTime "10:08:13 PDT"]
[Termination "subham777 won by resignation"]

1. e4 e6 2. d4 d5 3. exd5 exd5 4. Nf3 Nf6 5. Bd3 Bd6 6. O-O O-O 7. Nc3 h6 8. Ne2 Bg4 9. Ng3 Re8 10. h3 Bd7 11. c3 c5 12. dxc5 Bxc5 13. Nf5 Nc6 14. Nxh6+ gxh6 15.
Bxh6 Ne4 16. Bxe4 dxe4 17. Ng5 Bf5 18. Qh5 Bg6 19. Qg4 Ne5 20. Qg3 Nd3 21. b4 Bb6 22. Rad1 e3 23. Qf3 e2 24. Rde1 exf1=Q+ 25. Rxf1 Nxf2 26. Nxf7 Qd3 27. Qf6 Ne4+ 28. Qxb6 axb6 29. Ng5 Nxg5 0-1

[Event "Early-Titled-Tuesday-Blitz-May-28-2024"]
[Site "Chess.com"]
[Date "2024.05.28"]
[Round "11"]
[White "RianKapriaga"]
[Black "frankshar"]
[Result "1-0"]
[WhiteElo "2345"]
[BlackElo "2486"]
[TimeControl "180+1"]
[EndTime "10:08:18 PDT"]
[Termination "RianKapriaga won on time"]

1. d4 Nf6 2. Nf3 e6 3. Bf4 d5 4.
e3 c5 5. Nbd2 Bd6 6. Bg3 Qc7 7. c3 O-O 8. Bd3 Nbd7 9. e4 dxe4 10. Nxe4 Nxe4 11. Bxe4 Nf6 12. Bd3 b6 13. dxc5 Bxg3 14. hxg3 Qxc5 15. Qc2 h6 16. O-O-O Bb7 17.
Kb1 e5 18. Bf5 e4 19. Nd4 Rad8 20. g4 g6 21. Rxh6 Kg7 22. Qd2 e3 23. Qxe3 Rfe8 24. Qg5 Be4+ 25. Ka1 Bxf5 26. gxf5 Nh7 27. Rxh7+ Kxh7 28.
Rh1+ Kg7 29. f6+ Kg8 30. Rh8+ 1-0

[Event "Early-Titled-Tuesday-Blitz-May-28-2024"]
[Site "Chess.com"]
[Date "2024.05.28"]
[Round "11"]
[White "DominguezOnYoutube"]
[Black "Witik"]
[Result "1-0"]
[WhiteElo "2988"]
[BlackElo "2808"]
[TimeControl "180+1"]
[EndTime "10:08:19 PDT"]
[Termination "DominguezOnYoutube won on time"]

1. e4 c6 2. d4 d5 3. e5 Bf5 4. Nf3 e6 5. Be2 Nd7 6. O-O h6 7. Nbd2 Ne7 8. Nb3 g5 9. a4 Bg7 10. Bd2 a5 11. c3 Bg6 12. Ne1 f6 13. f4 O-O 14. Nd3 b6 15. exf6 Bxf6 16. Ne5 gxf4 17.
Nxg6 Nxg6 18. Bd3 Nh4 19. Qg4+ Bg5 20. Qxe6+ Kh8 21. Qxc6 f3 22. g3 f2+ 23. Kh1 Nf3 24. Bxg5 Qxg5 25. Qxd7 Ra7 26. Qxa7 1-0

[Event "Early-Titled-Tuesday-Blitz-May-28-2024"]
[Site "Chess.com"]
[Date "2024.05.28"]
[Round "11"]
[White "MdChess1734"]
[Black "ManMish2"]
[Result "0-1"]
[WhiteElo "2413"]
[BlackElo "2667"]
[TimeControl "180+1"]
[EndTime "10:08:19 PDT"]
[Termination "ManMish2 won on time"]

1. e4 e5 2. Nf3 Nc6 3. Bb5 a6 4. Ba4 Nf6 5. O-O Nxe4 6. d4 b5 7. Bb3 d5 8. dxe5 Be6 9. c3 Bc5 10. Nbd2 O-O 11. Bc2 Nxf2 12. Rxf2 f6 13. Nf1 Bxf2+ 14.
Kxf2 fxe5 15. Kg1 Bg4 16. Be3 e4 17. h3 Bxf3 18. gxf3 Rxf3 19. Bb3 Ne7 20. Bg5 c6 21. Bxd5+ cxd5 22. Bxe7 Qb6+ 23. Kh1 Qe6 24. Bc5 Qxh3+ 25. Nh2 Rd3 26. Qe2 Rc8 27. Bd4 Rf8 28. Rg1 g6 29. Bc5 Rff3 30. Bd4 Rg3 31. Rf1 Rdf3 0-1

[Event "Early-Titled-Tuesday-Blitz-May-28-2024"]
[Site "Chess.com"]
[Date "2024.05.28"]
[Round "11"]
[White "Viktor_Poddubnyi"]
[Black "andrzej"]
[Result "0-1"]
[WhiteElo "2310"]
[BlackElo "2479"]
[TimeControl "180+1"]
[EndTime "10:08:19 PDT"]
[Termination "andrzej won by resignation"]

1. e4 e5 2. f4 Nf6 3. fxe5 Nxe4 4. Nf3 d5 5. d3 Nc5 6. Be2 d4 7. O-O Be7 8. Qe1 O-O 9. Qg3 Nc6 10. Bh6 g6 11. Nbd2 Nb4 12. Ng5 Be6 13. Nde4 Nxe4 14. Nxe4 Nxc2 15. Nf6+ Bxf6 16. exf6 Nxa1 17. Rxa1 Qd6 18.
Qh4 Qe5 19. Bxf8 Rxf8 20. Rf1 Qe3+ 21. Kh1 Qxe2 22. Re1 Qh5 23. Qxd4 g5 24. Qe5 Qg6 25. Re3 h6 26. h3 Qf5 27. Qxc7 Qf1+ 28. Kh2 Qf4+ 29.
Qxf4 gxf4 0-1

[Event "Early-Titled-Tuesday-Blitz-May-28-2024"]
[Site "Chess.com"]
[Date "2024.05.28"]
[Round "11"]
[White "ValeriyGrinev"]
[Black "MaiqMaster"]
[Result "1-0"]
[WhiteElo "2588"]
[BlackElo "2473"]
[TimeControl "180+1"]
[EndTime "10:08:23 PDT"]
[Termination "ValeriyGrinev won by resignation"]

1. e4 c5 2. Nf3 e6 3. c3 Nf6 4. e5 Nd5 5. d4 cxd4 6. Nxd4 Nc6 7.
Nxc6 bxc6 8. Bd3 a5 9. O-O Ba6 10. c4 Nb4 11. Be2 Bb7 12. Nc3 Be7 13. Ne4 O-O 14.
Be3 f5 15. Nc5 Bc8 16. Na4 Rb8 17. Ba7 Rb7 18. Bd4 Qc7 19. c5 Nd5 20. b3 Ra7 21. Bf3 Ba6 22. Re1 Bb5 23. Nb6 Rb7 24. Bxd5 cxd5 25. Rc1 Bc6 26. a4 Rfb8 27. Qd2 Rxb6 28. cxb6 Rxb6 29. Qxa5 Rb7 30. Qxc7 Rxc7 31. a5 Rb7 32.
Bb6 Bb4 33. Red1 Kf7 34. g3 g5 35. f3 h5 36. Kg2 g4 37. f4 Kg6 38. Kf2 Rxb6 39.
axb6 Ba5 40. Rxc6 dxc6 41. b7 Bc7 42. Ra1 1-0

[Event "Early-Titled-Tuesday-Blitz-May-28-2024"]
[Site "Chess.com"]
[Date "2024.05.28"]
[Round "11"]
[White "Andrii_Prydun"]
[Black "sammartin99"]
[Result "0-1"]
[WhiteElo "2356"]
[BlackElo "2296"]
[TimeControl "180+1"]
[EndTime "10:08:24 PDT"]
[Termination "sammartin99 won by resignation"]

1. d4 Nf6 2. e3 g6 3. Nf3 Bg7 4. Be2 O-O 5. c4 c5 6. dxc5 Qa5+ 7. Bd2 Qxc5 8. Bc3 Nc6 9. Nbd2 d6 10. Nb3 Qb6 11. O-O Be6 12. Bd3 Rac8 13. Qe2 a5 14. Nbd4 Bd7 15. Rfd1 Rfd8 16. Rab1 Ng4 17. Nxc6 Bxc6 18.
h3 Bxf3 19. Qxf3 Ne5 20. Qe2 Nxd3 21. Qxd3 Bxc3 22. Qxc3 d5 23. b3 Qc6 24. Rbc1 b6 25. Qd2 Qb7 26. cxd5 Rxc1 27. Rxc1 Rxd5 28. Qe2 Qd7 29.
Qf3 Kg7 30. Qe2 Rd2 31. Qc4 Rxa2 32. b4 Qd2 33. bxa5 Qxf2+ 0-1

[Event "Early-Titled-Tuesday-Blitz-May-28-2024"]
[Site "Chess.com"]
[Date "2024.05.28"]
[Round "11"]
[White "Milop27"]
[Black "djano"]
[Result "0-1"]
[WhiteElo "2513"]
[BlackElo "2597"]
[TimeControl "180+1"]
[EndTime "10:08:25 PDT"]
[Termination "djano won on time"]

1. e4 c5 2. Nf3 g6 3. d4 cxd4 4. Qxd4 Nf6 5. e5 Nc6 6. Qa4 Nd5 7. Qe4 Nb6 8. Bb5 Bg7 9. O-O d5 10. exd6 Qxd6 11. Nc3 Bf5 12. Qe2 O-O 13. Be3 Rfd8 14. a3 Rac8 15. Rad1 Qc7 16. h3 Ne5 17. Nxe5 Qxe5 18.
Qf3 Qc7 19. Bf4 Qc5 20. Be3 Qc7 21.
Bf4 Qc5 22. Qxb7 Bxc3 23. a4 Bxb2 24. Qxa7 Rxd1 25. Rxd1 Qxc2 26. Rd2 Qc1+ 27. Kh2 Nd5 28. Bh6 Be5+ 29. f4 Qxd2 30. fxe5 Qxh6 0-1